AoeStats
← Jar3p0

Arabia

507602325Analyzed
1v1 RM · 14d ago on Sep 19, 2026· 15m 12s· 2 players
Game mode
Random Map
Map size
Tiny (2 player)
Population
200
Speed
Normal
Resources
Standard
Victory
Conquest
Starting age
Dark Age
Ending age
Imperial Age
RankedLock teamsTeams togetherTeam positionsShared explorationLock speedFull tech treeHidden civsTurbo modeCheats
Victory
Defeat
🇺🇸 Saracens · United States
1225
+15
🇺🇸 Italians · United States
1213
-15
Jar3p0
4:54 Loom
9:30 Feudal Age
11:26 Double-Bit Axe
Age of Saracens
6:04 Loom
9:27 Feudal Age
10:01 Double-Bit Axe
13:15 Fletching
13:26 Padded Archer Armor
Connection lost

Rejoining the realm…

Still unreachable

The connection could not be restored.

Session expired

The server has moved on; the page needs a fresh start.